 Dungeon Crawl Stone Soup version 0.21.1-1-g345015f (webtiles) character file.

1577 diana the Slasher (level 8, -9/62 HPs)
             Began as a Demonspawn Gladiator on June 8, 2018.
             Was an Initiate of Gozag.
             Killed by nerve-wracking pain
             ... invoked by Grinder
              (13 damage)
             ... on level 6 of the Dungeon.
             The game lasted 00:10:46 (7505 turns).

diana the Slasher (Demonspawn Gladiator)            Turns: 7505, Time: 00:10:46

Health: -9/62      AC:  6    Str: 19    XL:     8   Next: 60%
Magic:  8/8        EV: 15    Int: 11    God:    Gozag
Gold:   199        SH:  0    Dex: 16    Spells: 7/7 levels left

rFire    . . .     SeeInvis .   a - +0 long sword
rCold    . . .     Gourm    .   (no shield)
rNeg     . . .     Faith    .   b - +0 leather armour
rPois    .         Spirit   .   c - +0 helmet
rElec    .         Reflect  .   (no cloak)
rCorr    .         Harm     .   (no gloves)
MR       .....     Rnd*Tele +   (no boots)
Stlth    +.........             (no amulet)
HPRegen  0.20/turn              C - ring of teleportation (curse)
MPRegen  0.11/turn              (no ring)

@: mighty
A: hooves 2, icy blue scales 1, powered by death 2
a: Potion Petition, Call Merchant, Bribe Branch, Renounce Religion


You were on level 6 of the Dungeon.
You worshipped Gozag.
Gozag was aware of your devotion.
You were not hungry.

You visited 2 branches of the dungeon, and saw 9 of its levels.

You collected 306 gold pieces.
You paid 107 gold pieces to Gozag.

Inventory:

Hand Weapons
 a - a +0 long sword (weapon)
Missiles
 d - 3 throwing nets (quivered)
Armour
 b - a +0 leather armour (worn)
 c - a +0 helmet (worn)
Jewellery
 C - a cursed ring of teleportation (left hand)
 F - a +3 amulet of reflection {unknown}
Wands
 A - a wand of digging (18)
 D - a wand of paralysis (3)
 E - a wand of iceblast (10)
Scrolls
 e - a scroll of enchant armour {unknown}
 i - a scroll of random uselessness {unknown}
 j - 3 scrolls of fog {unknown}
 k - 2 scrolls of noise {unknown}
 m - 2 scrolls of teleportation {unknown}
 o - 6 scrolls of remove curse {unknown}
 q - a scroll of immolation {unknown}
 r - a scroll of blinking {unknown}
 t - a scroll of amnesia {unknown}
 u - a scroll of enchant weapon {unknown}
 y - 6 scrolls of identify {unknown}
 B - a scroll of magic mapping {unknown}
Potions
 h - 2 potions of magic {unknown}
 l - 3 potions of flight {unknown}
 n - 3 potions of mutation {unknown}
 s - a potion of agility {unknown}
 v - 2 potions of lignification {unknown}
 w - a potion of brilliance {unknown}
 x - 2 potions of degeneration {unknown}
 z - a potion of ambrosia {unknown}
Comestibles
 f - 13 rations


   Skills:
 + Level 5.2 Fighting
 * Level 6.8 Long Blades
 - Level 1.7 Throwing
 + Level 4.2 Armour
 + Level 5.1 Dodging


You had 7 spell levels left.
You didn't know any spells.

Dungeon Overview and Level Annotations

Branches:
Dungeon (8/15)             Temple (1/1) D:5
   Lair: D:8-11

Altars:
Ashenzari
Dithmenos
Gozag
Kikubaaqudgha
Makhleb
Nemelex Xobeh
Okawaru
Qazlal
Ru
Sif Muna
Uskayaw
Vehumet
Wu Jian
Xom
Zin
The Shining One

Shops:
D:4 (   D:5 =   D:6 }

Annotations:
D:6 Grinder


Innate Abilities, Weirdness & Mutations

You have hoof-like feet.
You are partially covered in icy blue scales. (AC +2)
You regenerate health from kills.


Message History

Grinder hits you but does no damage. Grinder gestures at you.
You resist with some effort. Grinder closely misses you.
You riposte.
You closely miss Grinder. You kick Grinder!
Grinder is heavily wounded.
You closely miss Grinder. Your kick misses Grinder.
Grinder is heavily wounded.
Grinder hits you!
* * * LOW HITPOINT WARNING * * *
You writhe in agony.
* * * LOW HITPOINT WARNING * * *
Throwing (i - inventory):
d - 4 throwing nets (quivered)
Press: ? - help, Shift-Dir - straight line, f - Grinder
Aim: Grinder (heavily wounded)
You throw a throwing net. The throwing net barely misses Grinder.
Grinder gestures at you. Pain shoots through your body!
You die...
Your body crumbles into a pile of gold.

#....#
#................
#....#
########......>..
#....# ##.........
#....# #############
#.......... #....#
#.......(...#
#.....##### #....#
#...........#
#.....#### #....#
#...........#
#........# ##'###
#.......5.∩.#
#........# #.#
#.....).@...#
#....._..# #.#
#...........#
#........#
#.######$..........#
#........#
#......$...........#
###...####
########..)........#
##### #.#<#+#######
.### .. ##


You could see Grinder.

Vanquished Creatures
  Duvessa (D:5)
  2 ogres
  2 centaurs
  Blork the orc (D:5)
  2 bullfrogs
  Dowan (D:5)
  A scorpion (D:8)
  A howler monkey (D:6)
  2 crimson imps (D:6)
  A quasit (D:5)
  2 hounds (D:6)
  2 bullfrog skeletons
  An orc priest (D:4)
  Crazy Yiuf (D:5)
  3 iguanas
  Terence (D:2)
  6 worker ants
  Robin (D:4)
  13 adders
  2 oozes
  2 adder skeletons
  7 worms
  4 dart slugs
  5 leopard geckos
  4 orcs (D:4)
  6 giant cockroaches
  10 hobgoblins
  15 jackals
  4 quokkas
  A ball python skeleton (D:5)
  4 bats
  7 frilled lizards
  15 goblins
  9 kobolds
  8 rats
  A fungus (D:5)
148 creatures vanquished.

Notes
Turn   | Place    | Note
-------+----------+-------------------------------------------
     0 | D:1      | diana the Demonspawn Gladiator began the quest for the Orb.
     0 | D:1      | Reached XP level 1. HP: 16/16 MP: 1/1
    53 | D:1      | Gained mutation: You regenerate a little health from kills. [demonic ancestry]
    53 | D:1      | Reached XP level 2. HP: 9/22 MP: 2/2
   276 | D:1      | Reached skill level 3 in Long Blades
   837 | D:2      | Reached XP level 3. HP: 18/28 MP: 3/3
  1083 | D:2      | Found an ornate altar of the Wu Jian Council.
  1090 | D:2      | Reached skill level 1 in Armour
  1344 | D:2      | Noticed Terence
  1356 | D:2      | Killed Terence
  1356 | D:2      | Gained mutation: You are partially covered in icy blue scales. (AC +2) [demonic ancestry]
  1356 | D:2      | Reached XP level 4. HP: 15/34 MP: 4/4
  2255 | D:3      | Reached XP level 5. HP: 40/40 MP: 5/5
  2421 | D:3      | Reached skill level 4 in Long Blades
  3092 | D:3      | Found a faded altar of an unknown god.
  3164 | D:4      | Noticed Robin
  3164 | D:4      | Noticed an ogre
  3418 | D:3      | Killed an ogre
  3418 | D:3      | Gained mutation: You have large cloven feet. [demonic ancestry]
  3418 | D:3      | Reached XP level 6. HP: 9/47 MP: 6/6
  3696 | D:4      | Killed Robin
  3974 | D:4      | Found a shadowy altar of Dithmenos.
  4281 | D:4      | Reached skill level 5 in Long Blades
  4281 | D:4      | Gained mutation: You have hoof-like feet. [demonic ancestry]
  4281 | D:4      | Reached XP level 7. HP: 41/53 MP: 7/7
  4550 | D:4      | Found Evi Afrum's Antique Weapon Shop.
  4967 | D:5      | Entered Level 5 of the Dungeon
  5004 | D:5      | You fall through a shaft for 3 floors!
  5395 | D:6      | Paralysed by a centaur for 3 turns
  5496 | D:6      | Reached skill level 6 in Long Blades
  5496 | D:6      | Gained mutation: You regenerate health from kills. [demonic ancestry]
  5496 | D:6      | Reached XP level 8. HP: 20/61 MP: 8/8
  5879 | D:6      | Found a stormy altar of Qazlal.
  6187 | D:5      | Found a staircase to the Ecumenical Temple.
  6191 | D:5      | Found Afyr's Jewellery Emporium.
  6276 | Temple   | Entered the Ecumenical Temple
  6345 | Temple   | Became a worshipper of Gozag Ym Sagoz the Greedy
  6367 | D:5      | Noticed Blork the orc
  6382 | D:5      | Killed Blork the orc
  6519 | D:5      | Noticed Duvessa
  6520 | D:5      | Noticed Dowan
  6537 | D:5      | Killed Duvessa
  6537 | D:5      | Reached skill level 5 in Fighting
  6537 | D:5      | Reached skill level 5 in Dodging
  6539 | D:5      | Killed Dowan
  7059 | D:5      | Found a runed door.
  7063 | D:5      | Noticed Crazy Yiuf
  7067 | D:5      | Killed Crazy Yiuf
  7453 | D:6      | Noticed Grinder
  7468 | D:6      | Found Feitu's Gadget Shop.
  7472 | D:6      | Paralysed by Grinder for 7 turns
  7492 | D:6      | Paralysed by Grinder for 6 turns
  7504 | D:6      | HP: 3/62 [Grinder (1)]
  7505 | D:6      | Killed from afar by Grinder

Skill      XL: |  1  2  3  4  5  6  7  8 |
---------------+-------------------------+-----
Long Blades    | 3 4 5 6 |  6.8
Dodging        | 3 4 5 |  5.1
Armour         | 1 2 3 4 |  4.2
Fighting       | 3 4 5 |  5.2
Throwing       | |  1.7

Action                   |  1- 3 |  4- 6 |  7- 9 || total
-------------------------+-------+-------+-------++-------
Melee: Long sword        |    93 |   222 |   232 ||   547
       Kick              |       |    26 |    98 ||   124
Throw: Throwing net      |       |     1 |     1 ||     2
  Use: Potion            |       |       |     8 ||     8
 Stab: Held in net/web   |       |     1 |       ||     1
       Distracted        |       |       |     1 ||     1
       Sleeping          |       |       |     1 ||     1
  Eat: Chunk             |     1 |    10 |     5 ||    16
       Ration            |       |       |     2 ||     2
Armor: Leather armour    |    22 |    96 |    85 ||   203
Dodge: Dodged            |    75 |   212 |   186 ||   473
       Rpst.: Long sword |    33 |    63 |    54 ||   150
